 Dungeon Crawl Stone Soup version 0.31.0-9-g3a7656b989 (webtiles) character file.

Game seed: 5839982399916053493

28 Colgate the Poker (level 3, 29/29 HPs)
             Began as a Demonspawn Cinder Acolyte on Feb 2, 2024.
             Was a High Priest of Ignis.
             Quit the game on level 2 of the Dungeon.
             The game lasted 00:00:47 (985 turns).

Colgate the Poker (Demonspawn Cinder Acolyte)        Turns: 985, Time: 00:00:47

Health: 29/29      AC:  2    Str: 14    XL:     3   Next: 0%
Magic:  4/4        EV: 11    Int: 16    God:    Ignis [*****.]
Gold:   66         SH:  0    Dex:  8    Spells: 4/4 levels left

rFire   + . .        a - -1 spear (flame)
rCold   . . .        (no shield)
rNeg    . . .        b - +0 robe
rPois   .            (no helmet)
rElec   .            (no cloak)
rCorr   .            (no gloves)
SInv    .            (no boots)
Will    .....        (no amulet)
Stlth   +            (no ring)
HPRegen 0.24/turn    (no ring)
MPRegen 0.09/turn

%: no passive effects
@: no status effects
A: sanguine armour 1
a: Renounce Religion, Fiery Armour, Foxfire Swarm, Rising Flame


You were on level 2 of the Dungeon.
You worshipped Ignis.
Ignis was extremely pleased with you.
You visited 1 branch of the dungeon, and saw 2 of its levels.

You collected 66 gold pieces.

Inventory:

Hand Weapons
 a - a -1 spear of flaming (weapon)
Armour
 b - a +0 robe (worn)
Jewellery
 h - a ring of protection from fire
Scrolls
 c - a scroll of revelation {unknown}
 d - a scroll of immolation {unknown}
Potions
 e - 4 potions of curing {unknown}
 f - a potion of attraction {unknown}
 g - a potion of heal wounds {unknown}
 i - a potion of ambrosia {unknown}


   Skills:
 - Level 3.0 Fighting
 + Level 3.8 Polearms
 - Level 1.0 Spellcasting
 - Level 2.6 Fire Magic


You had 4 spell levels left.
You didn't know any spells.
Your spell library contained the following spells:

 Spells                   Type           Power      Damage    Failure   Level
 Scorch                   Fire           18%        2d5       12%         2


Dungeon Overview and Level Annotations

Branches:
Dungeon (2/15)

Altars:


Innate Abilities, Weirdness & Mutations

When seriously injured, your blood forms armour. (AC +0)


Message History

Key pressed, stopping explore.
No target in view!
Key pressed, stopping explore.
No target in view!
Key pressed, stopping explore.
No target in view!
Key pressed, stopping explore.
No target in view!
Key pressed, stopping explore.
No target in view!
Key pressed, stopping explore.
No target in view!
Key pressed, stopping explore.
No target in view!
Key pressed, stopping explore.
No target in view!
Found a stone staircase leading down.
No target in view!
Key pressed, stopping explore.
No target in view!
A giant cockroach comes into view.
The giant cockroach moves out of view.
No target in view!
Found 8 gold pieces.
A giant cockroach is nearby!
You hit the giant cockroach. You burn the giant cockroach.
The giant cockroach barely misses you.
A giant cockroach is nearby!
You barely miss the giant cockroach. The giant cockroach barely misses you.
A giant cockroach is nearby!
You hit the giant cockroach. You burn the giant cockroach.
The giant cockroach closely misses you.
A giant cockroach is nearby!
You hit the giant cockroach. You burn the giant cockroach.
You kill the giant cockroach!
You have reached level 3!
Your experience leads to an increase in your attributes!
Increase (S)trength, (I)ntelligence, or (D)exterity?
You feel clever. x2
Are you sure you want to abandon this character and quit the game? (Confirm with "yes".)

..
#.......#........###.........
...
#.......#....###..##+####....
....#########............
#.... #.........>.. ####. .#
#...#........ #####.
...#####........ #.....
.......#........ #.....
...$...#........ #.....
.......@........ #.....
................ #.....
................ #.....
................ #.....
...........##... #.....
...........# ... #.....
###........# .. ##...#
#........# #...# #...#


There were no monsters in sight!

Vanquished Creatures
  An adder (D:2)
  A dart slug (D:2)
  A ribbon worm (D:2)
  2 ball pythons
  A giant cockroach (D:2)
  2 hobgoblins (D:2)
  A quokka (D:2)
  2 bats
  2 kobolds
  2 rats (D:2)
15 creatures vanquished.

Notes
Turn   | Place    | Note
-------+----------+-------------------------------------------
     0 | D:1      | Colgate the Demonspawn Cinder Acolyte began the quest for
                  | the Orb.
     0 | D:1      | Reached XP level 1. HP: 18/18 MP: 2/2
   229 | D:1      | Found a faded altar of an unknown god.
   590 | D:2      | Gained mutation: When seriously injured, your blood forms
                  | armour. (AC +0) [demonic ancestry]
   590 | D:2      | Reached XP level 2. HP: 8/24 MP: 3/3
   985 | D:2      | Reached XP level 3. HP: 29/29 MP: 4/4
   985 | D:2      | Quit the game

Illustrated notes

Levels and vault maps discovered:
D:1:      orjb1_lava_funnel, layout_loops_ring, ebering_ecumenical_altar_hall,
          hangedman_decor_growths
D:2:      layout_basic

Skill      XL: |  1 |
---------------+----+-----
Polearms       | 3 |  3.8
Fighting       | |  3.0
Spellcasting   | |  1.0
Fire Magic     | |  2.6

Action                     || total
---------------------------++-------
  Melee: Spear             ||    40
 Invoke: Fiery Armour      ||     1
 Armour: Robe              ||    12
  Dodge: Dodged            ||    23
